 Dungeon Crawl Stone Soup version 0.22.1-2-g9c5b331 (webtiles) character file.

205 Kaits the Chopper (level 5, -1/42 HPs)
             Began as a Demonspawn Chaos Knight on Dec 28, 2018.
             Slain by an ice beast (12 damage)
             ... on level 5 of the Dungeon.
             The game lasted 00:14:41 (1839 turns).

Kaits the Chopper (Demonspawn Chaos Knight)         Turns: 1839, Time: 00:14:42

Health: -1/42      AC:  6    Str: 11    XL:     5   Next: 52%
Magic:  5/5        EV: 11    Int: 14    God:    Xom [*.....]
Gold:   150        SH:  0    Dex: 12    Spells: 4/4 levels left

rFire    + . .     SeeInvis .   a - +1 hand axe (chaos)
rCold    . . .     Gourm    .   (no shield)
rNeg     . . .     Faith    .   b - +2 leather armour
rPois    .         Spirit   .   (no helmet)
rElec    .         Reflect  .   (no cloak)
rCorr    .         Harm     .   (no gloves)
MR       .....                  m - +0 pair of boots
Stlth    +.........             (no amulet)
HPRegen  0.14/turn              (no ring)
MPRegen  0.09/turn              (no ring)

@: no status effects
A: blurry vision 1, fire resistance 1, screaming 1, weak 1
a: Renounce Religion


You were on level 5 of the Dungeon.
You worshipped Xom.
You were a special plaything of Xom.
You were not hungry.

You visited 1 branch of the dungeon, and saw 4 of its levels.

You collected 150 gold pieces.

Inventory:

Hand Weapons
 a - a +1 hand axe of chaos (weapon)
 o - a +0 war axe
Missiles
 e - 8 javelins
 f - 6 javelins of penetration
 k - 8 tomahawks (quivered)
 n - 32 stones
Armour
 b - a +2 leather armour (worn)
 m - a +0 pair of boots (worn)
Scrolls
 d - 3 scrolls of identify
 g - a scroll of enchant armour {unknown}
 i - a scroll of magic mapping {unknown}
 j - 6 scrolls of remove curse
Potions
 h - a potion of degeneration {unknown}
Comestibles
 c - 6 rations


   Skills:
 + Level 4.1 Fighting
 + Level 4.2 Axes
 + Level 1.4 Throwing
 + Level 2.3 Armour
 + Level 1.5 Dodging


You had 4 spell levels left.
You didn't know any spells.
Your spell library was empty.

Dungeon Overview and Level Annotations

Branches:
Dungeon (3/15)             Temple (0/1) D:5

Altars:


Innate Abilities, Weirdness & Mutations

Your flesh is heat resistant. (rF+)
Scrolls take you a little longer to read.
You occasionally shout uncontrollably at your foes.
You are weak. (Str -2)


Message History

You closely miss something. Something completely misses you.
You closely miss something. Something hits you but does no damage.
You hit something but do no damage.
You feel sick. Something hits you but does no damage.
You miss something. Something hits you. Something freezes you!
You slash something! Something hits you but does no damage.
You closely miss something.
Something hits you but does no damage. x2
You hit something but do no damage.
You feel sick.
You are no longer poisoned.
Something hits you but does no damage.
You closely miss something. Something hits you but does no damage.
You barely miss something. Something barely misses you.
You closely miss something. Something hits you but does no damage.
You closely miss something. Something hits you but does no damage.
You slash something!
Nothing appears to happen.
Something hits you but does no damage. Something hits you.
* * * LOW HITPOINT WARNING * * *
Something freezes you!
You die...

#.# # .## #.#.#..#
###. #.#.#.. ....
#.#.#.. ..... #.#.#..
# ..... #.#.#.. .#
......#.#.#..###.##.#
......#.#.###.......#
..........†...@#.#..#
.....#..#####..# ..
.... #.>.......# .#
### #########.# # ...
#.#. #.#.# #.# #


There were no monsters in sight!

Vanquished Creatures
  An iguana (D:2)
  Ijyb (D:3)
  5 adders
  2 oozes
  A worm (D:3)
  3 dart slugs
  3 leopard geckos (D:2)
  14 orcs
  4 giant cockroaches
  4 goblins
  7 hobgoblins
  3 jackals (D:2)
  3 quokkas
  3 ball pythons
  2 bats
  3 frilled lizards
  8 kobolds
  8 rats
75 creatures vanquished.

Notes
Turn   | Place    | Note
-------+----------+-------------------------------------------
     0 | D:1      | Kaits the Demonspawn Chaos Knight began the quest for the
                  | Orb.
     0 | D:1      | Reached XP level 1. HP: 18/18 MP: 1/1
   113 | D:1      | Gained mutation: Your flesh is heat resistant. (rF+)
                  | [demonic ancestry]
   113 | D:1      | Reached XP level 2. HP: 24/24 MP: 2/2
   153 | D:1      | Reached skill level 1 in Dodging
   376 | D:1      | XOM: potion effect (brilliance)
   471 | D:1      | XOM: divination: magic mapping
   475 | D:1      | Reached XP level 3. HP: 22/29 MP: 3/3
   814 | D:2      | Reached XP level 4. HP: 11/37 MP: 4/4
   928 | D:2      | XOM: 1-stop teleportation journey
  1158 | D:2      | HP: 1/37 [iguana (11)]
  1165 | D:2      | XOM: give mutations
  1165 | D:2      | Gained mutation: You occasionally shout uncontrollably at
                  | your foes. [Xom's mischief]
  1165 | D:2      | Gained mutation: Scrolls take you a little longer to read.
                  | [Xom's mischief]
  1165 | D:2      | Gained mutation: You are weak. (Str -2) [Xom's mischief]
  1409 | D:2      | XOM: summons 4 hostile shadow creatures
  1461 | D:3      | Noticed Ijyb
  1463 | D:3      | XOM: fog
  1479 | D:3      | XOM: stat loss: -1 Dex (11/12)
  1480 | D:3      | Reached XP level 5. HP: 41/42 MP: 5/5
  1483 | D:3      | Killed Ijyb
  1483 | D:3      | Reached skill level 1 in Throwing
  1594 | D:3      | You fall through a shaft for 2 floors!
  1594 | D:5      | Entered Level 5 of the Dungeon
  1643 | D:5      | Found a staircase to the Ecumenical Temple.
  1808 | D:5      | Noticed an ice beast
  1839 | D:5      | Slain by an ice beast

Skill      XL: |  1  2  3  4  5 |
---------------+----------------+-----
Axes           | 3 4 |  4.2
Dodging        | 1 |  1.5
Armour         | 2 |  2.3
Throwing       | 1 |  1.4
Fighting       | 4 |  4.1

Action                   |  1- 3 |  4- 6 || total
-------------------------+-------+-------++-------
Melee: Hand axe          |    78 |   107 ||   185
       War axe           |    22 |       ||    22
Throw: Javelin           |     3 |    14 ||    17
       Tomahawk          |       |    16 ||    16
  Use: Potion            |     4 |     1 ||     5
       Scroll            |     4 |       ||     4
  Eat: Ration            |     1 |       ||     1
Armor: Leather armour    |    52 |    54 ||   106
       Skin              |     2 |       ||     2
Dodge: Dodged            |    70 |    71 ||   141
